 Dungeon Crawl Stone Soup version 0.23.2-1-ga50397a (webtiles) character file.

Game seed: 6748192511465541434

2639 Leeroy the Skirmisher (level 9, -1/79 HPs)
             Began as a Pale Draconian Conjurer on Apr 14, 2019.
             Was a Believer of Okawaru.
             Killed from afar by an orc wizard (7 damage)
             ... with a magic dart
             ... on level 8 of the Dungeon.
             The game lasted 00:23:57 (9700 turns).

Leeroy the Skirmisher (Pale Draconian Conjurer)     Turns: 9700, Time: 00:23:58

Health: -1/79      AC:  7    Str: 12    XL:     9   Next: 35%
Magic:  3/13       EV: 15    Int: 17    God:    Okawaru [**....]
Gold:   272        SH:  0    Dex: 12    Spells: 0/14 levels left

rFire    . . .     SeeInvis .   j - +2 falchion (protect)
rCold    . . .     Gourm    .   (no shield)
rNeg     . . .     Faith    .   (armour unavailable)
rPois    .         Spirit   .   (helmet restricted)
rElec    .         Reflect  .   (no cloak)
rCorr    .         Harm     .   (no gloves)
MR       .....                  (no boots)
Stlth    ++........             (no amulet)
HPRegen  0.23/turn              (no ring)
MPRegen  0.13/turn              (no ring)

@: short of breath, marked, very slightly contaminated, lightly drained
A: breathe steam, unfitting armour, cold-blooded, AC +7
a: Breathe Steam, Heroism, Renounce Religion


You were on level 8 of the Dungeon.
You worshipped Okawaru.
Okawaru was pleased with you.
You were very hungry.

You visited 2 branches of the dungeon, and saw 9 of its levels.

You collected 416 gold pieces.
You spent 144 gold pieces at shops.

Inventory:

Hand Weapons
 d - a +0 short sword
 j - a +2 falchion of protection (weapon)
 o - a +2 quarterstaff of chaos
 r - a +0 morningstar
 u - a +1 dagger of holy wrath
 x - a +0 long sword
 F - a +0 long sword
 G - a +1 long sword
Missiles
 c - 5 javelins of returning (quivered)
 e - 215 stones
 h - 49 sling bullets
 I - 22 arrows
 K - a throwing net
Armour
 q - a +0 cloak of invisibility
 w - a +0 shield
 J - a +0 pair of boots
Magical Staves
 B - an uncursed staff of death {unknown}
Jewellery
 s - a cursed +4 ring of evasion {unknown}
Wands
 H - a wand of paralysis (17)
Scrolls
 g - a scroll of random uselessness {unknown}
 i - 4 scrolls of identify {unknown}
 k - a scroll of magic mapping {unknown}
 l - 3 scrolls of enchant weapon {unknown}
 m - 2 scrolls of amnesia {unknown}
 n - 4 scrolls of remove curse {unknown}
 y - 2 scrolls of immolation {unknown}
 C - a scroll of fog {unknown}
Potions
 a - a potion of agility {unknown}
 p - a potion of resistance {unknown}
 t - a potion of cancellation {unknown}
 v - a potion of ambrosia {unknown}
 z - a potion of mutation {unknown}
 A - 2 potions of magic {unknown}
 D - a potion of berserk rage {unknown}
 E - a potion of degeneration {unknown}
Comestibles
 b - 7 rations


   Skills:
 - Level 7.2(7.1) Fighting
 - Level 2.4(3.9) Short Blades
 - Level 5.1(5.2) Long Blades
 - Level 6.0(5.8) Dodging
 - Level 1.7(1.6) Stealth
 - Level 3.1(2.9) Spellcasting
 + Level 7.2(7.0) Conjurations


You couldn't memorise any spells.
You knew the following spells:

 Your Spells              Type           Power        Failure   Level  Hunger
a - Magic Dart            Conj           ####         1%          1    None
b - Searing Ray           Conj           ####..       1%          2    ##.....
c - Dazzling Spray        Conj/Hex       ##....       12%         3    ###....
d - Iskenderun's Mystic   Conj           ####....     10%         4    ####...
e - Fulminant Prism       Conj/Hex       ##........   38%         4    ####...

Your spell library contained the following spells:

 Spells                   Type           Power        Failure   Level  Hunger
 Corona                   Hex            #......      19%         1    None
 Slow                     Hex            #.......     26%         2    ##.....
 Force Lance              Conj/Tloc      ##......     38%         4    ####...
 Inner Flame              Hex/Fire       #.......     47%         3    ###....
 Portal Projectile        Hex/Tloc       #.....       47%         3    ###....
 Cause Fear               Hex            #.........   87%         4    ####...
 Leda's Liquefaction      Hex/Erth       #.........   87%         4    ####...


Dungeon Overview and Level Annotations

Branches:
Dungeon (8/15)             Temple (1/1) D:4
   Lair: D:8-11

Altars:
Ashenzari
Cheibriados
Elyvilon
Fedhas
Gozag
Makhleb
Nemelex Xobeh
Okawaru
Ru
Vehumet
Wu Jian
Xom
Yredelemnul
Zin
The Shining One
Lugonu

Shops:
D:8 (

Annotations:
D:3 2 transporters, cklessthan3's ghost, amateur SpAs
D:8 Harold


Innate Abilities, Weirdness & Mutations

You can breathe blasts of scalding, opaque steam.
Your pale cyan-grey scales are hard. (AC +7)
You cannot fit into any form of body armour.
You are cold-blooded and may be slowed by cold attacks.


Message History

An orc wizard appears from thin air!
Reactivating autopickup.
The orc wizard points at you and mumbles some strange words.
The puff of flame hits you!
* * * LOW HITPOINT WARNING * * *
An orc priest comes into view. It is wielding a +0 club.
The orc priest invokes the aid of Beogh against you.
Beogh smites you!
* * * LOW HITPOINT WARNING * * *
An orc priest comes into view. It is wielding a +0 short sword.
Throwing (i - inventory. (/) - cycle)
c - 5 javelins of returning (quivered)
Press: ? - help, Shift-Dir - straight line, f - orc wizard
Aim: an orc wizard, wielding a +0 dagger and wearing a +0 robe (fast)
Okay, then.
Press: ? - help, Shift-Dir - straight line You exhale a blast of scalding steam.
You are feeling very hungry.
The orc wizard points at you and mumbles some strange words.
The magic dart hits you!
You die...

#...'#.#+
#.8...#o#
#.._..#o# .
#.8.8.#.# .
##...##.## yo
#####...# ###
##§## #.#
#§####.#
#.@.o..#
#####..# #####
#.##
###≈≈≈####o#
##.≈≈≈≈≈##.@#
#..≈≈∩...#.##
#....≈≈≈≈≈...#
......≈≈≈###o#
#........##).#


You could see an orc wizard.

Vanquished Creatures
  The ghost of Paps the Sneak, an amateur OpFi (D:5)
  3 sky beasts (D:5)
  An orc warrior (D:8)
  A phantom (D:6)
  3 ogres
  A centaur (D:6)
  2 bullfrogs (D:7)
  2 scorpions
  4 wights (D:7)
  4 killer bees
  A howler monkey (D:4)
  3 vampire bats (D:3)
  2 crimson imps (D:5)
  A jelly (D:5)
  3 hounds
  An iguana (D:8)
  4 orc priests
  5 orc wizards
  Crazy Yiuf (D:4)
  8 worker ants
  A killer bee zombie (D:6)
  A hound skeleton (D:6)
  9 adders
  A shadow imp (D:7)
  An ooze (D:6)
  An adder skeleton (D:6)
  5 worms
  5 dart slugs
  A leopard gecko (D:6)
  15 orcs
  A ball python (D:1)
  12 bats
  8 giant cockroaches
  10 goblins
  5 hobgoblins
  6 kobolds
  6 quokkas
  6 frilled lizards
  2 quokka skeletons
  3 rats
  A demonic plant (Temple)
151 creatures vanquished.

Notes
Turn   | Place    | Note
-------+----------+-------------------------------------------
     0 | D:1      | Leeroy the Draconian Conjurer began the quest for the Orb.
     0 | D:1      | Reached XP level 1. HP: 14/14 MP: 3/3
   251 | D:1      | Reached XP level 2. HP: 20/20 MP: 5/5
   282 | D:1      | Learned a level 2 spell: Searing Ray
  1061 | D:2      | Reached skill level 5 in Conjurations
  1064 | D:2      | Reached XP level 3. HP: 26/26 MP: 1/6
  1069 | D:2      | Learned a level 3 spell: Dazzling Spray
  1613 | D:2      | Found a glowing golden altar of the Shining One.
  2038 | D:3      | Reached XP level 4. HP: 30/33 MP: 7/7
  2110 | D:3      | Found a snail-covered altar of Cheibriados.
  2342 | D:3      | Reached XP level 5. HP: 33/41 MP: 1/8
  2656 | D:4      | Learned a level 4 spell: Iskenderun's Mystic Blast
  2672 | D:3      | Reached skill level 1 in Short Blades
  2672 | D:3      | Reached XP level 6. HP: 38/48 MP: 2/10
  2852 | D:3      | Found a sacrificial altar of Ru.
  2924 | D:3      | Found a sparkling altar of Nemelex Xobeh.
  2924 | D:3      | Found an opulent altar of Gozag.
  3002 | D:3      | Noticed cklessthan3's ghost (amateur SpAs)
  3003 | D:3      | Found a transporter.
  3004 | D:3      | Found a transporter.
  3222 | D:4      | Found a runed translucent door.
  3223 | D:4      | Noticed Crazy Yiuf
  3249 | D:4      | Killed Crazy Yiuf
  3813 | D:4      | Found an iron altar of Okawaru.
  3817 | D:4      | Became a worshipper of Warmaster Okawaru
  3918 | D:4      | Found a staircase to the Ecumenical Temple.
  3933 | Temple   | Entered the Ecumenical Temple
  4111 | D:4      | Your scales start taking on a pale cyan-grey colour.
  4111 | D:4      | Reached XP level 7. HP: 42/60 MP: 11/11
  4325 | D:4      | Reached skill level 5 in Fighting
  4506 | D:5      | Entered Level 5 of the Dungeon
  4862 | D:5      | Reached * piety under Okawaru
  5472 | D:5      | Reached skill level 1 in Long Blades
  5472 | D:5      | Reached XP level 8. HP: 64/73 MP: 5/12
  5477 | D:5      | Found a runed translucent door.
  5477 | D:5      | Noticed Paps's ghost (amateur OpFi)
  5638 | D:5      | Killed Paps's ghost
  6480 | D:6      | Reached skill level 5 in Long Blades
  6727 | D:6      | Reached ** piety under Okawaru
  6741 | D:6      | Found a shimmering altar of Xom.
  6742 | D:6      | Found a shimmering altar of Xom.
  6742 | D:6      | Found a shimmering altar of Xom.
  6742 | D:6      | Found a shimmering altar of Xom.
  6743 | D:6      | Found a shimmering altar of Xom.
  6743 | D:6      | Found a shimmering altar of Xom.
  7457 | D:7      | Reached skill level 5 in Dodging
  7457 | D:7      | Reached XP level 9. HP: 79/79 MP: 8/13
  7988 | D:7      | HP: 2/79 [killer bee (5)]
  9557 | D:8      | Found a glowing silver altar of Zin.
  9557 | D:8      | Found an ornate altar of the Wu Jian Council.
  9581 | D:8      | Found Oqoutima's Antique Weapon Shoppe.
  9586 | D:8      | Bought a runed falchion for 144 gold pieces
  9652 | D:8      | Learned a level 4 spell: Fulminant Prism
  9653 | D:8      | Noticed Harold
  9700 | D:8      | Killed from afar by an orc wizard

Skill      XL: |  1  2  3  4  5  6  7  8  9 |
---------------+----------------------------+-----
Conjurations   | 5 6 7 |  7.2
Fighting       | 2 4 7 |  7.2
Spellcasting   | 3 |  3.1
Short Blades   | 1 2 |  2.4
Long Blades    | 1 5 |  5.1
Dodging        | 5 6 |  6.0
Stealth        | |  1.7

Action                   |  1- 3 |  4- 6 |  7- 9 || total
-------------------------+-------+-------+-------++-------
Melee: Short sword       |   103 |   116 |       ||   219
       Unarmed           |     2 |       |       ||     2
       Tailslap          |    10 |    14 |    50 ||    74
       Quarterstaff      |       |    55 |    54 ||   109
       Dagger            |       |       |    19 ||    19
       Long sword        |       |       |   226 ||   226
       Falchion          |       |       |    35 ||    35
Throw: Stone             |     3 |     1 |     5 ||     9
 Cast: Magic Dart        |    14 |     6 |     6 ||    26
       Searing Ray       |     7 |    12 |    24 ||    43
       Dazzling Spray    |     2 |     6 |    10 ||    18
       Iskenderun's Myst |       |       |     6 ||     6
Invok: Heroism           |       |       |     2 ||     2
 Abil: Breathe Steam     |       |       |     3 ||     3
  Use: Potion            |       |       |     9 ||     9
 Stab: Sleeping          |     2 |     1 |       ||     3
       Paralysed         |       |     1 |       ||     1
       Invisible         |       |       |     1 ||     1
  Eat: Chunk             |     5 |     8 |    11 ||    24
       Ration            |       |       |     3 ||     3
Armor: Skin              |    40 |    70 |   126 ||   236
Dodge: Dodged            |    67 |   189 |   275 ||   531
       Rpst.: Long sword |       |       |    66 ||    66
       Falchion          |       |       |     8 ||     8
